[Event "Titled Tuesday Blitz March 01 Late 2022"]
[White "Zhou, Qiyu"]
[Black "Aldokhin, Ivan"]
[WhiteFideId "505161"]
[BlackFideId "24115720"]
[WhiteElo "1925"]
[BlackElo "2231"]
[Result "0-1"]
[Round "02"]
[TimeControl "180+1"]
[Date "2022.03.02"]
[WhiteClock "0:00:01"]
[BlackClock "0:01:08"]

1. e4 c5 2. Nf3 e6 3. d4 cxd4 4. Nxd4 a6 5. c4 Qc7 6. Nc3 Nf6 7. Be3 d6 8. Bd3 Be7 9. O-O O-O 10. Rc1 b6 11. f3 Bb7 12. Qd2 Nbd7 13. Rfd1 Rac8 14. Bf1 Qb8 15. b4 Bd8 16. a3 Bc7 17. h3 Rfe8 18. Nb3 Ne5 19. Qf2 Nfd7 20. f4 Ng6 21. Be2 d5 22. f5 Bg3 23. Qf3 Nh4 24. Qf1 exf5 25. Nxd5 Rxe4 26. Bg5 Bxd5 27. Rxd5 Nf6 28. Bxf6 gxf6 29. Rcd1 Kh8 30. Bd3 Rf4 31. Qe2 Rg8 32. Rf1 Bh2+ 33. Kh1 Rxf1+ 34. Qxf1 Rxg2 35. Qxg2 Nxg2 36. Kxg2 Qg3+ 37. Kf1 Qxh3+ 38. Ke2 Be5 39. Rd8+ Kg7 40. Rd5 f4 41. Nd2 Qe3+ 42. Kd1 f3 43. Nf1 Qf4 44. Nd2 f2 45. Nf1 h5 46. Ke2 h4 47. Bc2 Qxc4+ 48. Rd3 0-1


[Site "https://www.chess.com"]

[Event "Titled Tuesday Blitz March 01 Late 2022"]
[White "Zhurbinsky, David"]
[Black "Celestino, Rafael Teixeira"]
[WhiteFideId "2072904"]
[BlackFideId "2108925"]
[WhiteElo "2529"]
[BlackElo "2310"]
[Result "1/2-1/2"]
[Round "02"]
[TimeControl "180+1"]
[Date "2022.03.02"]
[WhiteClock "0:00:06"]
[BlackClock "0:00:22"]

1. e4 c5 2. Nf3 Nc6 3. c4 g6 4. d4 cxd4 5. Nxd4 Bg7 6. Be3 Qb6 7. Nb5 Qa5+ 8. N1c3 a6 9. Nd4 Qb4 10. Qd2 Nf6 11. a3 Qa5 12. b4 Nxb4 13. Nb3 Qe5 14. Bd4 Nxe4 15. Bxe5 Nxd2 16. Bxg7 Nxb3 17. axb4 Nxa1 18. Bxh8 f6 19. Bg7 Kf7 20. Bh6 Nc2+ 21. Kd2 Nxb4 22. Na4 b5 23. cxb5 axb5 24. Bxb5 Ra5 25. Nc3 Bb7 26. f3 Nd5 27. Bc4 e6 28. Nxd5 Bxd5 29. Bd3 Ra2+ 30. Ke3 Rxg2 31. Bf4 e5 32. Bg3 d6 33. Ra1 f5 34. f4 Ke6 35. fxe5 dxe5 36. Ra6+ Ke7 37. Bxe5 Rg1 38. Kd4 Bf3 39. Bf6+ Kd7 40. Bb5+ Kc7 41. Be5+ Kb7 42. Rf6 Rd1+ 43. Kc5 Rc1+ 44. Bc4 Be2 45. Rf7+ Kc8 46. Rc7+ Kd8 47. Kd4 Rd1+ 48. Ke3 Bxc4 49. Rxc4 Rd5 50. Rd4 Rxd4 51. Kxd4 Ke7 52. Ke3 Ke6 53. Bf4 Kf6 54. h4 Kg7 55. Be5+ Kh6 56. Bf6 Kh5 57. Kf4 h6 58. Be7 g5+ 59. hxg5 hxg5+ 60. Bxg5 Kg6 61. Bd8 Kf7 62. Kxf5 1/2-1/2


[Site "https://www.chess.com"]

[Event "Titled Tuesday Blitz March 01 Late 2022"]
[White "Zubritskiy, Artyom"]
[Black "Vargas Pereda, Jesus Manue"]
[WhiteFideId "4181247"]
[BlackFideId "5115710"]
[WhiteElo "2459"]
[BlackElo "1777"]
[Result "1-0"]
[Round "02"]
[TimeControl "180+1"]
[Date "2022.03.02"]
[WhiteClock "0:01:00"]
[BlackClock "0:00:07"]

1. d4 Nf6 2. c4 g6 3. g3 Bg7 4. Bg2 d6 5. Nc3 O-O 6. Nf3 Nbd7 7. O-O e5 8. e4 exd4 9. Nxd4 a5 10. h3 Nc5 11. Re1 c6 12. Be3 Be6 13. Nxe6 fxe6 14. e5 Nfd7 15. exd6 Rf7 16. Qc2 Qf6 17. Rad1 Raf8 18. Re2 e5 19. Ne4 Nxe4 20. Qxe4 Qe6 21. Qg4 Qe8 22. c5 Nf6 23. Qc4 Kh8 24. Bd2 Qd7 25. Bxa5 Nh5 26. Bc3 Bh6 27. Bxe5+ Bg7 28. Bxg7+ Nxg7 29. b4 Ne8 30. a4 Nf6 31. Qd4 Kg8 32. Rde1 Nh5 33. Re7 Qf5 34. Rxf7 Rxf7 35. Re8+ Rf8 36. d7 Nf6 37. Rxf8+ Kxf8 38. d8=Q+ 1-0


[Site "https://www.chess.com"]

[Event "Titled Tuesday Blitz March 01 Late 2022"]
[White "Abdyzhapar, Asylbek"]
[Black "Guseinov, Gadir"]
[WhiteFideId "13800337"]
[BlackFideId "13401378"]
[WhiteElo "2331"]
[BlackElo "2581"]
[Result "0-1"]
[Round "03"]
[TimeControl "180+1"]
[Date "2022.03.01"]
[WhiteClock "0:00:31"]
[BlackClock "0:01:11"]

1. d4 Nf6 2. c4 g6 3. Nc3 Bg7 4. e4 d6 5. h3 O-O 6. Be3 Nc6 7. d5 Nb4 8. Nf3 e6 9. a3 Na6 10. Be2 exd5 11. exd5 Nc5 12. O-O Re8 13. Nd4 a5 14. b4 axb4 15. axb4 Rxa1 16. Qxa1 Nce4 17. Nxe4 Nxe4 18. Bd3 Qh4 19. Qc1 Nxf2 20. Bxf2 Bxd4 21. Qd2 Bxh3 22. gxh3 Qg3+ 23. Kh1 Qxh3+ 24. Kg1 Re3 25. Be4 Rg3+ 0-1


[Site "https://www.chess.com"]

[Event "Titled Tuesday Blitz March 01 Late 2022"]
[White "Adewumi, Tanitoluwa"]
[Black "Dubov, Daniil"]
[WhiteFideId "30966396"]
[BlackFideId "24126055"]
[WhiteElo "2537"]
[BlackElo "2791"]
[Result "1-0"]
[Round "03"]
[TimeControl "180+1"]
[Date "2022.03.01"]
[WhiteClock "0:00:29"]
[BlackClock "0:00:10"]

1. e4 e5 2. Nf3 f5 3. Nxe5 Nf6 4. Bc4 Qe7 5. d4 d6 6. Bf7+ Kd8 7. Bb3 Be6 8. Bxe6 Qxe6 9. exf5 Qe8 10. O-O Kc8 11. Nd3 Qe4 12. Bg5 Nbd7 13. Nc3 Qxf5 14. Bxf6 Nxf6 15. Re1 Kd7 16. Ne5+ Kc8 17. Nd3 Kd7 18. Ne5+ Kc8 19. Qf3 Qxf3 20. Nxf3 Kd7 21. Rad1 Be7 22. Ne5+ Kc8 23. Ng6 hxg6 24. Rxe7 Rg8 25. Rde1 a6 26. Rf7 Re8 27. Rxe8+ Nxe8 28. Nd5 b5 29. Ne7+ Kb7 30. Nxg6 b4 31. h4 a5 32. Rf8 a4 33. a3 bxa3 34. bxa3 Kc6 35. c4 Rb8 36. h5 Rb1+ 37. Kh2 Nf6 38. Rxf6 gxf6 39. h6 Rb8 40. h7 d5 41. Ne7+ Kd6 42. Ng8 dxc4 43. h8=Q c3 44. Qxf6+ Kd5 45. Qe5+ Kc4 46. Qxc7+ Kd3 47. Qxb8 c2 48. Qc7 Kd2 49. Qxc2+ Kxc2 50. d5 1-0


[Site "https://www.chess.com"]

[Event "Titled Tuesday Blitz March 01 Late 2022"]
[White "Alfaro, William"]
[Black "Levine, David"]
[WhiteFideId "6100457"]
[BlackFideId "2011611"]
[WhiteElo "2066"]
[BlackElo "2127"]
[Result "0-1"]
[Round "03"]
[TimeControl "180+1"]
[Date "2022.03.02"]
[WhiteClock "0:01:11"]
[BlackClock "0:01:03"]

1. d4 Nf6 2. c4 g6 3. Nc3 Bg7 4. e4 d6 5. Nf3 O-O 6. Be2 e5 7. O-O exd4 8. Nxd4 Re8 9. f3 c6 10. Be3 d5 11. cxd5 cxd5 12. Bg5 dxe4 13. fxe4 Qb6 14. Kh1 Nxe4 15. Nxe4 Rxe4 16. Nb3 Re8 17. Bf3 Nc6 18. Qd2 Be6 19. Be3 Qb4 20. Bxc6 Qxd2 21. Bxd2 bxc6 22. Rac1 Bd5 23. Nc5 Bxb2 24. Rc2 Bd4 25. Bf4 Be5 26. Bg5 f5 27. h4 Rab8 28. h5 Rb2 29. Rfc1 Rxc2 30. Rxc2 Bg3 31. Rc1 Re2 0-1


[Site "https://www.chess.com"]

[Event "Titled Tuesday Blitz March 01 Late 2022"]
[White "Antonova, Nadezhda"]
[Black "Mikhalsky, Vladimir"]
[WhiteFideId "14700182"]
[BlackFideId "14144352"]
[WhiteElo "1765"]
[BlackElo "2248"]
[Result "1-0"]
[Round "03"]
[TimeControl "180+1"]
[Date "2022.03.02"]
[WhiteClock "0:00:10"]
[BlackClock "0:00:01"]

1. Nf3 c5 2. b3 Nc6 3. Bb2 d6 4. d4 cxd4 5. Nxd4 e5 6. Nxc6 bxc6 7. g3 Be6 8. Bg2 Rc8 9. O-O f5 10. c4 Nf6 11. Nd2 e4 12. e3 d5 13. Rc1 Bd6 14. cxd5 cxd5 15. Rxc8 Bxc8 16. Nb1 Ba6 17. Re1 Be7 18. Bh3 g6 19. Nc3 O-O 20. Qd4 Qd7 21. Rd1 Rd8 22. Na4 Bb5 23. Nc3 Bc6 24. Bf1 Ba8 25. Bb5 Qb7 26. Bf1 Qb6 27. Qd2 Bb4 28. a3 Be7 29. b4 a5 30. Na4 Qc7 31. Rc1 Qd7 32. Nb6 Qe6 33. Nxa8 Rxa8 34. bxa5 Bd8 35. Bc3 Nd7 36. Qd4 Bf6 37. Qd2 Bxc3 38. Qxc3 Ne5 39. Be2 Qd6 40. Qb4 Qe6 41. Rc7 Nf7 42. a6 Qd6 43. Qb7 Rf8 44. a7 Qxa3 45. Bb5 Qa1+ 46. Bf1 1-0


[Site "https://www.chess.com"]

[Event "Titled Tuesday Blitz March 01 Late 2022"]
[White "Arabidze, Meri"]
[Black "Abdrlauf, Elham"]
[WhiteFideId "13604040"]
[BlackFideId "1533533"]
[WhiteElo "2329"]
[BlackElo "2334"]
[Result "0-1"]
[Round "03"]
[TimeControl "180+1"]
[Date "2022.03.01"]
[WhiteClock "0:00:01"]
[BlackClock "0:00:50"]

1. Nf3 Nf6 2. g3 g6 3. Bg2 Bg7 4. O-O O-O 5. d4 d5 6. c4 c5 7. dxc5 dxc4 8. Na3 c3 9. bxc3 Ne4 10. Nb5 Na6 11. Qxd8 Rxd8 12. Nfd4 Nxc3 13. Nxc3 Bxd4 14. Rd1 Bg4 15. Rxd4 Rxd4 16. Bxb7 Nc7 17. Bxa8 Nxa8 18. Be3 Rc4 19. Nd5 Bxe2 20. Nxe7+ Kg7 21. Rc1 Rxc1+ 22. Bxc1 Nc7 23. Nc6 Ne6 24. Nxa7 Nxc5 25. Nc6 Bc4 26. a3 Nd3 27. Be3 h5 28. h4 Kf6 29. Nd4 Ke5 30. a4 f5 31. Nf3+ Kd5 32. Nd2 Ba6 33. a5 Ne1 34. Kh2 Nd3 35. Kg1 Ne1 36. Kh2 Nc2 37. Bf4 Nd4 38. Kg2 Nc6 39. Nf3 Bb7 40. Kg1 Nxa5 41. Ne5 Nb3 42. Nxg6 Nd4 43. Ne5 Ke4 44. Ng6 Nf3+ 45. Kf1 Ba6+ 46. Kg2 Ne1+ 47. Kg1 Kf3 48. Ne5+ Ke2 49. Nf7 Nf3+ 50. Kg2 Bb7 51. Nd6 Bd5 52. Nxf5 Nxh4+ 53. Kh3 Nxf5 54. g4 Kf3 55. gxf5 Kxf4 56. f6 Bf7 57. Kh4 Kf5 58. f4 Kxf6 59. Kg3 Kf5 0-1


[Site "https://www.chess.com"]

[Event "Titled Tuesday Blitz March 01 Late 2022"]
[White "Artemenko, Oleg"]
[Black "Sliwicki, Damian"]
[WhiteFideId "14201798"]
[BlackFideId "1127128"]
[WhiteElo "2287"]
[BlackElo "2084"]
[Result "1/2-1/2"]
[Round "03"]
[TimeControl "180+1"]
[Date "2022.03.02"]
[WhiteClock "0:00:42"]
[BlackClock "0:00:20"]

1. d4 Nf6 2. Nc3 d5 3. Bf4 a6 4. e3 e6 5. g4 Bd6 6. g5 Ng8 7. Nf3 Ne7 8. h4 Nf5 9. Bd3 Bxf4 10. exf4 Qd6 11. Bxf5 exf5 12. Qe2+ Be6 13. Qe5 Qxe5+ 14. dxe5 Nc6 15. O-O-O O-O-O 16. Ne2 h6 17. g6 fxg6 18. Rhg1 Bf7 19. h5 g5 20. fxg5 hxg5 21. Ng3 Bxh5 22. Nxh5 Rxh5 23. Nxg5 Nxe5 24. Ne6 Rd6 25. Nxg7 Rh2 26. Nxf5 Rd8 27. Ne7+ Kb8 28. Nxd5 Rxf2 29. Rge1 Nc4 30. b3 Na3 31. Ne3 Re8 32. Rd2 Rxd2 33. Kxd2 Ka7 34. c4 b5 35. Kc3 c5 36. Kb2 b4 37. Nc2 Rxe1 38. Nxe1 Kb6 39. Nd3 Kc6 40. Nf2 Kb6 41. Ne4 Kc6 42. Kc1 Kb6 43. Nf6 Kc6 44. Nd5 Kd6 45. Nb6 Kc6 46. Na4 Kd6 47. Kd2 Kc6 48. Kd3 Nb1 49. Kc2 Na3+ 50. Kc1 Kd6 51. Kd1 Kc6 52. Kd2 Kd6 53. Kc1 Kc6 54. Nb2 Kd6 55. Nd3 Kc6 56. Nf4 Kd6 57. Ng6 Kc6 58. Kd2 Nb1+ 59. Kd3 Nc3 60. a4 Kd6 61. Nh4 Ke5 62. a5 Kd6 63. Nf3 Na2 64. Nd2 Nc3 65. Nf3 Nd1 66. Ke4 Nf2+ 67. Kf5 Nd3 68. Nd2 Nc1 69. Kf6 Nd3 70. Ne4+ Kc6 71. Ke7 Nc1 72. Nd2 Kc7 73. Ke6 Kc6 74. Ke5 Nd3+ 75. Ke4 Nc1 76. Ke5 Nd3+ 77. Kf6 Nc1 78. Ke5 1/2-1/2


[Site "https://www.chess.com"]

[Event "Titled Tuesday Blitz March 01 Late 2022"]
[White "Astasio Lopez, David"]
[Black "Gulecyuz, Deniz"]
[WhiteFideId "2230208"]
[BlackFideId "30921341"]
[WhiteElo "2355"]
[BlackElo "1925"]
[Result "0-1"]
[Round "03"]
[TimeControl "180+1"]
[Date "2022.03.02"]
[WhiteClock "0:00:03"]
[BlackClock "0:00:13"]

1. d4 Nf6 2. Nf3 g6 3. Nbd2 Bg7 4. e4 c5 5. e5 Nd5 6. c4 Nc7 7. d5 d6 8. exd6 exd6 9. Bd3 O-O 10. O-O b5 11. Rb1 bxc4 12. Bxc4 Nd7 13. b3 Nb6 14. Ne4 Bf5 15. Re1 Re8 16. Qd3 Qe7 17. Nfd2 Bd4 18. Bb2 Bxb2 19. Rxb2 Qe5 20. Rc2 Ncxd5 21. Bxd5 Nxd5 22. Nc4 Qxe4 23. Rxe4 Bxe4 24. Qd2 Bxc2 25. f3 Nb4 26. Nxd6 Re6 27. a3 Nc6 28. Qxc2 Rxd6 29. Qxc5 Rad8 30. h4 h5 31. b4 Rd1+ 32. Kh2 Nd4 33. Qxa7 Nf5 34. b5 R8d2 35. Qb8+ Kg7 36. Qe5+ Kh7 37. Qf4 Rb2 38. a4 Rdd2 39. Qg5 Rdc2 40. Kh3 Ra2 41. Qf6 Kg8 42. Qd8+ Kg7 43. Qg5 Rxa4 0-1


[Site "https://www.chess.com"]

[Event "Titled Tuesday Blitz March 01 Late 2022"]
[White "Atanejhad, Sahebali"]
[Black "Batsiashvili, Nino"]
[WhiteFideId "12506664"]
[BlackFideId "13602993"]
[WhiteElo "1978"]
[BlackElo "2230"]
[Result "0-1"]
[Round "03"]
[TimeControl "180+1"]
[Date "2022.03.02"]
[WhiteClock "0:01:56"]
[BlackClock "0:02:12"]

1. d4 d5 2. c4 e6 3. Nc3 c5 4. cxd5 exd5 5. Nf3 Nc6 6. g3 Nf6 7. Bg2 cxd4 8. Nxd4 Bc5 9. Nxc6 bxc6 10. O-O O-O 11. Qc2 Bb6 12. Rd1 Ng4 13. e3 Qf6 14. h3 Ne5 15. Qe2 Qh6 16. Kh2 Bg4 17. Qe1 Bxd1 18. Qxd1 Qf6 19. f4 Nc4 20. e4 dxe4 21. Nxe4 Qd4 22. Qc2 Rad8 23. Ng5 g6 24. Rb1 Qg1# 0-1


[Site "https://www.chess.com"]

[Event "Titled Tuesday Blitz March 01 Late 2022"]
[White "Babazada, Khazar"]
[Black "Ezat, Mohamed"]
[WhiteFideId "13413554"]
[BlackFideId "10600906"]
[WhiteElo "2418"]
[BlackElo "2386"]
[Result "1-0"]
[Round "03"]
[TimeControl "180+1"]
[Date "2022.03.01"]
[WhiteClock "0:00:34"]
[BlackClock "0:00:10"]

1. e4 c6 2. d4 d5 3. Nc3 dxe4 4. Nxe4 Bf5 5. Ng3 Bg6 6. Nf3 e6 7. h4 h6 8. h5 Bh7 9. Bd3 Bxd3 10. Qxd3 Nf6 11. Bd2 Be7 12. O-O-O O-O 13. Kb1 c5 14. Ne4 Nxe4 15. Qxe4 Nc6 16. dxc5 Qc7 17. g4 b6 18. g5 hxg5 19. h6 g6 20. h7+ Kh8 21. Bc3+ f6 22. Qxg6 e5 23. cxb6 axb6 24. Nh4 Bb4 25. Qh6 gxh4 26. Rdg1 Rf7 27. Rxh4 Rg7 28. Qxf6 Bxc3 29. Rhg4 Qf7 30. Qxg7+ Qxg7 31. Rxg7 Bd4 32. Rg8+ Kxh7 33. Rxa8 Bxf2 34. Rg2 Be3 35. Rag8 Nd4 36. R8g3 Bh6 37. Rh3 Nf5 38. Rh5 Ne3 39. Rgh2 Ng4 40. Rg2 Nf6 41. Rxe5 1-0


[Site "https://www.chess.com"]

[Event "Titled Tuesday Blitz March 01 Late 2022"]
[White "Bacrot, Etienne"]
[Black "Gutenev, Alexander"]
[WhiteFideId "605506"]
[BlackFideId "4195540"]
[WhiteElo "2673"]
[BlackElo "2403"]
[Result "0-1"]
[Round "03"]
[TimeControl "180+1"]
[Date "2022.03.01"]
[WhiteClock "0:00:44"]
[BlackClock "0:00:11"]

1. e4 c5 2. Nf3 Nc6 3. Bb5 g6 4. h4 h5 5. c3 Nf6 6. e5 Nd5 7. d4 cxd4 8. O-O Bg7 9. cxd4 O-O 10. Nc3 Nxc3 11. bxc3 d6 12. exd6 Qxd6 13. a4 Bg4 14. Re1 Rfe8 15. Ba3 Qd5 16. c4 Qf5 17. d5 a6 18. dxc6 axb5 19. cxb7 Rad8 20. Rxe7 Bxa1 21. Rxe8+ Rxe8 22. Qxa1 Bxf3 23. gxf3 Qxf3 24. Qe5 Qg4+ 25. Kf1 Qxc4+ 26. Kg1 Qg4+ 27. Kf1 Qh3+ 28. Kg1 Qg4+ 29. Kf1 Qd1+ 30. Kg2 Qd8 31. Qc5 bxa4 32. Bb2 Qd7 33. Qc3 Qxb7+ 34. Kh2 Qb8+ 35. Kg2 Qb7+ 36. Kh2 f6 37. Qxf6 Kh7 38. Be5 Qe7 0-1


[Site "https://www.chess.com"]

[Event "Titled Tuesday Blitz March 01 Late 2022"]
[White "Baskin, Robert"]
[Black "Prohorov, Olexandr"]
[WhiteFideId "24662402"]
[BlackFideId "14105578"]
[WhiteElo "2488"]
[BlackElo "1993"]
[Result "1-0"]
[Round "03"]
[TimeControl "180+1"]
[Date "2022.03.02"]
[WhiteClock "0:01:10"]
[BlackClock "0:01:18"]

1. e4 c5 2. Nf3 e6 3. c3 Nf6 4. e5 Nd5 5. d4 cxd4 6. cxd4 d6 7. Bc4 Nb6 8. Bb3 Nc6 9. O-O dxe5 10. dxe5 Qxd1 11. Rxd1 Na5 12. Bc2 Be7 13. Nc3 Bd7 14. Ne4 Rc8 15. Bd3 O-O 16. Bg5 Bxg5 17. Nfxg5 Nac4 18. Bxc4 Rxc4 19. Nd6 Rc2 20. Rac1 Rxc1 21. Rxc1 Bc6 22. b4 a6 23. Nge4 f5 24. exf6 gxf6 25. Rc3 Bxe4 26. Nxe4 f5 27. Ng5 Rd8 28. h4 e5 29. Rc7 Rd7 30. Rc5 e4 31. Rxf5 Rd1+ 32. Kh2 Rd4 33. Ne6 1-0


[Site "https://www.chess.com"]

[Event "Titled Tuesday Blitz March 01 Late 2022"]
[White "Bibasa, Bob"]
[Black "Antonio, Jorge Carlos"]
[WhiteFideId "10000240"]
[BlackFideId "113190"]
[WhiteElo "2056"]
[BlackElo "2247"]
[Result "1-0"]
[Round "03"]
[TimeControl "180+1"]
[Date "2022.03.02"]
[WhiteClock "0:02:15"]
[BlackClock "0:02:19"]

1. e4 c5 2. Nf3 e6 3. Nc3 Nc6 4. Bb5 Qc7 5. O-O a6 6. Bxc6 Qxc6 7. d4 cxd4 8. Nxd4 Qc7 9. Be3 Bb4 10. Qd3 Bxc3 11. bxc3 Nf6 12. c4 O-O 13. f4 d5 14. cxd5 exd5 15. e5 Ne4 16. Rac1 Qc3 17. Ne2 Bf5 18. Nxc3 1-0


[Site "https://www.chess.com"]

[Event "Titled Tuesday Blitz March 01 Late 2022"]
[White "Bon, Michael"]
[Black "Ardila, Oscar Humberto"]
[WhiteFideId "620696"]
[BlackFideId "4404742"]
[WhiteElo "2402"]
[BlackElo "1898"]
[Result "0-1"]
[Round "03"]
[TimeControl "180+1"]
[Date "2022.03.02"]
[WhiteClock "0:00:10"]
[BlackClock "0:01:07"]

1. e4 e5 2. Nf3 Nc6 3. Bc4 Nf6 4. d3 Bc5 5. c3 O-O 6. O-O d6 7. a4 a6 8. Bg5 h6 9. Bh4 Qe7 10. Nbd2 Be6 11. Kh1 Bxc4 12. Nxc4 Rad8 13. Ne3 Bxe3 14. fxe3 Qe6 15. c4 Rd7 16. Qe1 Ng4 17. h3 Nf6 18. b4 Nh7 19. b5 Ne7 20. g4 Ng6 21. Kg2 c6 22. Bg3 d5 23. exd5 cxd5 24. c5 d4 25. e4 Nf4+ 26. Bxf4 exf4 27. Qb4 h5 28. g5 Qg6 29. h4 Qe6 30. Kf2 Rfd8 31. Rg1 Nf8 32. Rh1 Ng6 33. Rag1 Qa2+ 34. Kf1 axb5 35. axb5 Ra8 36. Qc4 Qb2 37. Rg2 Ra1+ 38. Ne1 Qb1 39. Re2 f3 0-1


[Site "https://www.chess.com"]

[Event "Titled Tuesday Blitz March 01 Late 2022"]
[White "Boyer, Mahel"]
[Black "Gracia Alvarez, Gerardo Antonio"]
[WhiteFideId "45102422"]
[BlackFideId "5109124"]
[WhiteElo "2328"]
[BlackElo "2139"]
[Result "1/2-1/2"]
[Round "03"]
[TimeControl "180+1"]
[Date "2022.03.02"]
[WhiteClock "0:00:03"]
[BlackClock "0:00:04"]

1. e4 c5 2. Nf3 Nc6 3. b3 g6 4. Bb2 Nf6 5. d4 cxd4 6. Nxd4 Bg7 7. Nxc6 bxc6 8. Bd3 O-O 9. O-O d6 10. Nd2 a5 11. Nc4 a4 12. e5 Nd5 13. exd6 exd6 14. Bxg7 Kxg7 15. Be4 Be6 16. Bxd5 Bxd5 17. Qd4+ Qf6 18. Qxf6+ Kxf6 19. Nxd6 Rfd8 20. Nb7 Re8 21. c4 Be6 22. Nc5 axb3 23. axb3 Bf5 24. h3 h5 25. Rfd1 Ke5 26. Rxa8 Rxa8 27. Rd2 Ra5 28. b4 Ra1+ 29. Kh2 Rb1 30. b5 cxb5 31. cxb5 Rxb5 32. Nd7+ Ke6 33. f4 Be4 34. Ne5 f6 35. Nc4 Rb4 36. Ne3 Bc6 37. Rf2 Re4 38. f5+ Ke7 39. Nf1 g5 40. Ng3 Rh4 41. Ne2 Re4 42. Ng3 Rh4 43. Re2+ Kf7 44. Re6 Bd7 45. Rd6 Ke7 46. Rb6 Rf4 47. Nxh5 Rxf5 48. Ng3 Re5 49. Rb7 f5 50. Rb4 Bc6 51. Kg1 f4 52. Nh1 Re1+ 53. Kh2 Re2 54. Kg1 Rxg2+ 55. Kf1 Rc2 56. Nf2 Rc1+ 57. Ke2 Rc2+ 58. Ke1 Kf6 59. h4 gxh4 60. Rxf4+ Kg5 61. Rg4+ Kh5 62. Rg7 Rc1+ 63. Ke2 Rc2+ 64. Ke3 Rc3+ 65. Kf4 Rf3+ 66. Ke5 Rxf2 67. Rc7 Bg2 68. Rg7 h3 69. Kd4 Kh4 70. Ke3 Rf3+ 71. Ke2 Rf5 72. Ke3 Rh5 73. Kf4 h2 74. Rg4+ Kh3 75. Rg3+ Kh4 76. Rg4+ Kh3 77. Rg3+ Kh4 78. Rg4+ 1/2-1/2


[Site "https://www.chess.com"]

[Event "Titled Tuesday Blitz March 01 Late 2022"]
[White "Brunner, Nicolas"]
[Black "Winkels, Marcel"]
[WhiteFideId "620246"]
[BlackFideId "1003887"]
[WhiteElo "2372"]
[BlackElo "1900"]
[Result "1-0"]
[Round "03"]
[TimeControl "180+1"]
[Date "2022.03.02"]
[WhiteClock "0:01:26"]
[BlackClock "0:00:15"]

1. d4 Nf6 2. c4 c5 3. d5 e6 4. Nc3 exd5 5. cxd5 d6 6. Nf3 g6 7. g3 Bg7 8. Bg2 O-O 9. O-O Re8 10. Nd2 Nbd7 11. h3 a6 12. a4 Rb8 13. Nc4 Nb6 14. Na3 Bd7 15. e4 Nc8 16. Qd3 Qc7 17. Be3 b5 18. axb5 axb5 19. Naxb5 Bxb5 20. Nxb5 Qb6 21. Na3 Nd7 22. Nc4 Qc7 23. f4 Rb4 24. Bd2 Rb7 25. Bc3 Nf6 26. e5 Nd7 27. e6 Nf6 28. f5 gxf5 29. Qxf5 Nb6 30. Nxb6 Rxb6 31. Bxf6 1-0


[Site "https://www.chess.com"]

[Event "Titled Tuesday Blitz March 01 Late 2022"]
[White "Bryakin, Mikhail"]
[Black "Silva, Kaua Marques"]
[WhiteFideId "4165314"]
[BlackFideId "22701168"]
[WhiteElo "2421"]
[BlackElo "2013"]
[Result "1-0"]
[Round "03"]
[TimeControl "180+1"]
[Date "2022.03.02"]
[WhiteClock "0:02:07"]
[BlackClock "0:02:10"]

1. e4 c5 2. c3 Nf6 3. e5 Nd5 4. d4 cxd4 5. cxd4 d6 6. Nf3 Nc6 7. Nc3 Nxc3 8. bxc3 dxe5 9. d5 Na5 10. Nxe5 Qc7 11. Bb5+ Bd7 12. Bxd7+ Kd8 13. Nxf7+ Kxd7 14. Qa4+ b5 15. Qxb5+ Kc8 16. Qe8+ Kb7 17. Rb1+ Ka6 18. Qb5# 1-0


[Site "https://www.chess.com"]

[Event "Titled Tuesday Blitz March 01 Late 2022"]
[White "Cagara, Paulina"]
[Black "Kanyamarala, Trisha"]
[WhiteFideId "1124870"]
[BlackFideId "45004722"]
[WhiteElo "1828"]
[BlackElo "2002"]
[Result "1/2-1/2"]
[Round "03"]
[TimeControl "180+1"]
[Date "2022.03.02"]
[WhiteClock "0:00:11"]
[BlackClock "0:00:06"]

1. e4 c5 2. Nc3 Nc6 3. Bb5 Nd4 4. Bc4 g6 5. Nf3 Bg7 6. Nxd4 cxd4 7. Qf3 e6 8. Nb5 d6 9. Qa3 Bf8 10. Nxd4 a6 11. O-O d5 12. Bb5+ Bd7 13. Bxd7+ Qxd7 14. Qe3 dxe4 15. Qxe4 Bg7 16. Nf3 Nf6 17. Qh4 O-O 18. d3 Rac8 19. Bg5 Nd5 20. c3 f6 21. Bd2 g5 22. Qg3 h5 23. h4 g4 24. Nd4 f5 25. f4 Bf6 26. Rae1 Rfe8 27. Qf2 Qg7 28. Nxe6 Rxe6 29. Rxe6 g3 30. Qe2 Nc7 31. Re1 Bxh4 32. Qxh5 Nxe6 33. Rxe6 Bf6 34. d4 b5 35. Be3 Qf7 36. Qxf5 Bg7 37. Qg4 Re8 38. Rxe8+ Qxe8 39. Qxg3 Qe4 40. Qf3 Qb1+ 41. Kh2 Qxa2 42. b4 Qc4 43. Bd2 Qe6 44. f5 Qd6+ 45. Bf4 Qf6 46. Qd5+ Kh7 47. Kg1 Qh4 48. f6 Qe1+ 49. Kh2 Qh4+ 50. Kg1 Qe1+ 51. Kh2 Qh4+ 52. Kg1 1/2-1/2


[Site "https://www.chess.com"]

[Event "Titled Tuesday Blitz March 01 Late 2022"]
[White "Calcada, Lucas Galvan"]
[Black "Sarkar, Justin"]
[WhiteFideId "22746099"]
[BlackFideId "2010011"]
[WhiteElo "1402"]
[BlackElo "2038"]
[Result "1/2-1/2"]
[Round "03"]
[TimeControl "180+1"]
[Date "2022.03.02"]
[WhiteClock "0:00:42"]
[BlackClock "0:00:09"]

1. e4 e5 2. Nf3 Nc6 3. Bb5 a6 4. Ba4 Nf6 5. d3 d6 6. c3 g6 7. O-O Bg7 8. Nbd2 O-O 9. Re1 b5 10. Bc2 d5 11. Qe2 Nh5 12. Nf1 Nf4 13. Bxf4 exf4 14. exd5 Qxd5 15. d4 Qd6 16. N1d2 f5 17. Nb3 Bd7 18. Nc5 Rae8 19. Qd2 Bc8 20. Bb3+ Kh8 21. Rxe8 Rxe8 22. Ng5 Nd8 23. Re1 Rxe1+ 24. Qxe1 Bf8 25. Qe8 Qe7 26. Qxe7 Bxe7 27. Nf3 Bxc5 28. dxc5 Kg7 29. Ne5 Kf6 30. Nd3 g5 31. f3 Be6 32. Bxe6 Nxe6 33. b4 h5 34. Kf2 h4 35. h3 Nd8 36. Ne1 Ke6 37. Nc2 Nc6 38. Ke2 Kd5 39. Kd2 Kc4 40. Na3+ Kd5 41. Nc2 Kc4 42. Na3+ Kd5 43. Nc2 1/2-1/2


[Site "https://www.chess.com"]

[Event "Titled Tuesday Blitz March 01 Late 2022"]
[White "Caruana, Fabiano"]
[Black "Romanchuk, Viktor"]
[WhiteFideId "2020009"]
[BlackFideId "14109271"]
[WhiteElo "2744"]
[BlackElo "2242"]
[Result "1-0"]
[Round "03"]
[TimeControl "180+1"]
[Date "2022.03.01"]
[WhiteClock "0:00:10"]
[BlackClock "0:00:03"]

1. Nf3 d5 2. g3 c6 3. Bg2 Bg4 4. O-O Nd7 5. d3 e6 6. h3 Bh5 7. Qe1 Bc5 8. e4 Ne7 9. Kh1 O-O 10. Nc3 Re8 11. Bf4 Ng6 12. Bd2 Ne7 13. g4 Bg6 14. Nh4 dxe4 15. dxe4 e5 16. Nf5 Qc7 17. Rd1 Rad8 18. Na4 Bb6 19. Nxb6 axb6 20. f4 exf4 21. Bxf4 Ne5 22. Rxd8 Rxd8 23. h4 f6 24. g5 Nxf5 25. exf5 Bf7 26. Qg3 Kh8 27. Re1 Re8 28. g6 Bd5 29. h5 Bxg2+ 30. Kxg2 Qd7 31. Bxe5 Qd5+ 32. Qf3 fxe5 33. Qxd5 cxd5 34. Kf3 hxg6 35. hxg6 Kg8 36. Rd1 Rd8 37. c4 d4 38. Ke4 Kf8 39. Kxe5 d3 40. Ke4 d2 41. Ke3 Ke7 42. b4 Kf6 43. Rxd2 Rc8 44. Rd6+ Kxf5 45. Kd4 Ra8 46. Rxb6 Rxa2 47. Rxb7 Kxg6 48. c5 Kf6 49. c6 g5 50. Rb8 Rc2 51. b5 g4 52. Rg8 Kf5 53. Kd5 Kf4 54. b6 g3 55. c7 Kf3 56. c8=Q 1-0


[Site "https://www.chess.com"]

[Event "Titled Tuesday Blitz March 01 Late 2022"]
[White "Celestino, Rafael Teixeira"]
[Black "Plotnikov, Pavel"]
[WhiteFideId "2108925"]
[BlackFideId "4170342"]
[WhiteElo "2322"]
[BlackElo "2298"]
[Result "0-1"]
[Round "03"]
[TimeControl "180+1"]
[Date "2022.03.02"]
[WhiteClock "0:01:03"]
[BlackClock "0:02:22"]

1. e4 e6 2. d4 d5 3. Bd3 dxe4 4. Bxe4 c5 5. Ne2 Nc6 6. Be3 Nf6 7. Bf3 cxd4 8. Nxd4 Ne5 9. Nc3 Be7 10. O-O O-O 11. Qe2 Nxf3+ 12. Qxf3 a6 13. Rad1 Qc7 14. Bf4 e5 15. Bg3 Bg4 16. Qd3 Bxd1 17. Rxd1 Rfd8 18. Qe2 Bd6 19. Nf5 g6 20. Nxd6 Rxd6 21. Qxe5 Rxd1+ 22. Nxd1 Qxe5 23. Bxe5 Re8 24. Bc3 Nd5 25. Kf1 b5 26. Bd4 f5 27. Ne3 Kf7 28. Nxd5 Rd8 29. Nc7 Rxd4 30. Nxa6 Ra4 31. Nb4 Rxb4 0-1


[Site "https://www.chess.com"]